Map: Nightshade LE

Players

souL

  • Race: Terran Terran
  • Spawn Location: 5:00

cure - Winner!

  • Race: Terran Terran
  • Spawn Location: 11:00

Event: StayAtHomestory Cup #1

VOD

Have the link to the VOD?

Description

Time

  • Played on: April 11, 2020, 12:09 p.m.
  • Length: 15:55

All games in this series

Show
View Real Time Build Order
Export as new Build Order

souL Terran 

Build Orders:  

Get SALT Encoding   

  12  0:00  SCV  
  13  0:13  SCV  
  14  0:17  Supply Depot  
  14  0:25  SCV  
  14  0:28  Refinery  
  15  0:39  SCV  
  16  0:45  Barracks  
  16  0:51  SCV  
  16  0:54  Refinery  
  17  1:03  SCV  
  18  1:15  SCV  
  19  1:32  Factory, Orbital Command  
  19  1:36  Reaper  
  20  1:42  Supply Depot  
  20  1:58  SCV  
  21  2:08  Reaper  
  22  2:10  SCV  
  23  2:16  Hellion  
  23  2:22  SCV  
  26  2:27  Command Center  
  26  2:34  SCV  
  27  2:40  Barracks Reactor  
  27  2:41  Supply Depot  
  27  2:42  Hellion  
  29  2:46  SCV  
  30  2:53  Starport  
  30  2:58  SCV  
  31  3:05  Factory Tech Lab  
  31  3:11  SCV  
  32  3:17  Marine x2  
  34  3:23  SCV  
  34  3:25  Siege Tank  
  38  3:35  SCV  
  38  3:38  Marine x2, Medivac  
  38  3:39  Orbital Command  
  43  3:43  Refinery  
  43  3:47  SCV  
  44  3:51  Supply Depot  
  44  3:56  Marine  
  44  3:57  Marine  
  44  3:59  SCV  
  47  4:03  Factory Tech Lab  
  47  4:06  SCV  
  48  4:11  SCV  
  49  4:18  SCV, Raven  
  49  4:20  Marine x2  
  49  4:23  SCV  
  55  4:25  Siege Tank  
  55  4:29  Supply Depot  
  55  4:30  SCV  
  59  4:35  SCV  
  60  4:42  SCV  
  59  4:47  SCV  
  59  4:51  Marine x2  
  53  4:54  SCV  
  53  4:59  SCV  
  55  5:01  Raven, Command Center  
  55  5:05  Siege Tank  
  55  5:07  SCV  
  61  5:12  SCV  
  64  5:19  SCV  
  63  5:24  SCV, Refinery  
  63  5:25  Barracks  
  63  5:27  Barracks, Barracks Tech Lab  
  64  5:29  Supply Depot  
  64  5:30  Supply Depot  
  64  5:31  SCV  
  65  5:36  SCV  
  66  5:43  SCV  
  66  5:44  Raven  
  66  5:46  Supply Depot, Stimpack  
  66  5:47  Marine  
  70  5:50  SCV  
  70  5:55  SCV, Engineering Bay x2  
  72  5:58  Siege Tank  
  72  6:02  SCV  
  74  6:06  Supply Depot  
  74  6:07  SCV, Supply Depot  
  74  6:09  Marine  
  76  6:14  Orbital Command  
  76  6:15  SCV  
  77  6:20  Barracks Reactor  
  77  6:23  Marine, Terran Infantry Weapons Level 1, Terran Infantry Armor Level 1  
  77  6:24  Marine  
  79  6:27  Marine  
  79  6:28  Barracks  
  79  6:30  SCV  
  81  6:36  Barracks  
  81  6:37  Starport Reactor  
  81  6:38  SCV  
  82  6:42  SCV  
  82  6:43  Siege Tank  
  82  6:44  Marine  
  87  6:50  SCV  
  87  6:53  Marine  
  89  6:54  Marine  
  89  6:57  SCV, Orbital Command  
  91  7:02  Marine x3, SCV, Supply Depot  
  91  7:03  Supply Depot  
  95  7:09  SCV  
  95  7:11  Marine  
  95  7:12  Supply Depot  
  95  7:14  SCV  
  101  7:15  Siege Tank  
  101  7:21  Barracks Reactor  
  101  7:22  SCV  
  101  7:23  Medivac, Armory  
  101  7:25  SCV  
  101  7:26  Combat Shield  
  101  7:27  SCV  
  105  7:30  Medivac  
  105  7:32  Orbital Command  
  105  7:34  SCV  
  105  7:35  Marine  
  109  7:37  SCV  
  109  7:38  Marine  
  109  7:39  SCV  
  109  7:44  Marine x2  
  111  7:46  SCV, Barracks Reactor  
  111  7:51  SCV  
  116  7:52  Refinery  
  116  7:53  Marine, Medivac  
  116  7:54  Marine  
  116  7:58  SCV x2, Marine x3, Refinery  
  124  8:05  Marine x2  
  124  8:06  Sensor Tower  
  124  8:11  Marine  
  124  8:12  Marine  
  130  8:15  Marine  
  130  8:16  Marine x2  
  130  8:19  Sensor Tower  
  133  8:23  Marine  
  133  8:24  Marine, SCV  
  136  8:28  SCV  
  136  8:31  Command Center, Terran Infantry Weapons Level 2  
  135  8:34  Marine x7  
  135  8:41  Marine  
  142  8:42  Marine, SCV x2  
  142  8:45  SCV  
  142  8:48  Terran Vehicle Weapons Level 1  
  147  8:52  Marine x2, Factory  
  149  8:57  Marine  
  149  9:02  Bunker  
  149  9:04  Terran Infantry Armor Level 2  
  149  9:09  Supply Depot x3  
  149  9:10  Refinery x2  
  149  9:11  SCV  
  149  9:24  Supply Depot  
  149  9:26  Supply Depot  
  149  9:31  Marine x2, Viking, Siege Tank  
  156  9:34  Viking  
  156  9:37  Starport x2, Factory Tech Lab  
  158  9:39  SCV  
  158  9:45  Missile Turret  
  158  9:46  Planetary Fortress  
  157  10:01  Viking  
  157  10:03  Siege Tank  
  162  10:07  Viking  
  164  10:15  Missile Turret, Starport Reactor  
  164  10:16  Missile Turret, Starport Reactor  
  164  10:17  Missile Turret  
  164  10:19  Armory  
  164  10:20  Command Center, Siege Tank  
  166  10:31  Viking  
  168  10:37  Missile Turret, Siege Tank  
  168  10:39  Missile Turret  
  173  10:44  Terran Vehicle And Ship Armor Level 1  
  171  10:58  Command Center  
  171  10:59  Viking  
  171  11:06  Viking  
  173  11:13  Viking  
  173  11:15  Marine x9  
  178  11:24  Viking  
  160  11:27  Viking  
  160  11:30  Viking  
  159  11:32  Marine  
  159  11:33  Marine x8  
  159  11:35  Siege Tank  
  159  11:39  Terran Infantry Weapons Level 3  
  168  11:43  Medivac x2  
  166  11:50  Marine x4, Siege Tank  
  166  11:51  Marine x5  
  166  11:53  Viking  
  180  12:02  Terran Ship Weapons Level 1  
  180  12:04  Terran Infantry Armor Level 3  
  180  12:05  Fusion Core  
  180  12:07  Siege Tank  
  183  12:08  Marine  
  184  12:16  Orbital Command  
  184  12:27  Viking  
  184  12:29  Sensor Tower  
  186  12:30  Refinery  
  186  12:36  Marine x7  
  163  12:38  Marine x2  
  163  12:40  Viking  
  163  12:41  Viking x2  
  136  12:46  Viking  
  136  12:49  Planetary Fortress  
  131  12:52  Siege Tank x2  
  131  12:53  Marine  
  131  12:55  Marine  
  131  12:57  Marine  
  140  12:59  Marine  
  140  13:00  Marine x5  
  138  13:11  Marine  
  139  13:13  Marine  
  139  13:15  Marine  
  139  13:17  Marine  
  139  13:18  Marine x3, Medivac x5  
  151  13:20  Medivac  
  151  13:24  Siege Tank x2  
  151  13:25  Marine x2  
  157  13:32  Marine x2  
  157  13:38  Marine x4  
  159  13:44  Marine  
  159  13:47  Marine  
  159  13:48  Marine, Medivac  
  136  13:50  Marine x2  
  135  13:56  Marine x3, Siege Tank x2  
  135  13:57  Marine  
  135  14:02  Marine  
  141  14:05  Marine  
  141  14:06  Marine  
  141  14:08  Marine x2  
  137  14:13  Marine  
  137  14:14  Marine x2  
  137  14:15  Marine  
  137  14:20  Marine  
  137  14:23  Marine  
  137  14:24  Marine  
  134  14:25  Orbital Command  
  134  14:26  Marine x2  
  117  14:31  Marine x2  
  117  14:35  Marine  
  117  14:37  Siege Tank  
  123  14:45  Siege Tank  
  126  14:48  Marine x2  
  126  14:50  Marine  
  126  14:52  Marine  
  125  15:09  Viking x2, Siege Tank  
  125  15:12  Marine x4  
  136  15:18  Siege Tank  
  137  15:22  Marine  
  137  15:26  Marine  
  135  15:28  Marine  
  119  15:36  Marine  
Show
View Real Time Build Order
Export as new Build Order

cure Terran - Winner!

Build Orders: Cyclone Opening 

Get SALT Encoding   

  12  0:00  SCV  
  13  0:13  SCV  
  14  0:17  Supply Depot  
  14  0:25  SCV  
  14  0:27  Refinery  
  15  0:38  SCV  
  16  0:44  Barracks  
  16  0:50  SCV  
  16  0:53  Refinery  
  17  1:03  SCV  
  18  1:15  SCV  
  19  1:30  Orbital Command  
  19  1:32  Factory  
  19  1:34  Reaper  
  20  1:43  Supply Depot  
  20  1:56  SCV  
  21  2:06  Reaper  
  21  2:08  SCV  
  23  2:16  Hellion  
  23  2:20  SCV  
  26  2:29  Command Center  
  26  2:32  SCV  
  27  2:37  Supply Depot  
  27  2:38  Factory Tech Lab  
  27  2:40  Barracks Reactor  
  27  2:44  SCV  
  28  2:56  SCV  
  29  2:58  Cyclone  
  29  3:03  Starport  
  32  3:08  SCV  
  33  3:16  Refinery  
  33  3:17  Marine x2  
  35  3:21  SCV  
  36  3:33  SCV  
  37  3:34  Marine  
  37  3:35  Marine  
  37  3:39  Factory Tech Lab  
  39  3:42  Orbital Command  
  39  3:45  SCV  
  39  3:47  Raven  
  42  3:52  Marine x2  
  44  3:57  SCV  
  44  4:01  Supply Depot  
  45  4:03  Siege Tank  
  45  4:09  SCV x2  
  50  4:13  Marine x2  
  52  4:21  SCV x2  
  54  4:27  Supply Depot  
  54  4:30  Raven  
  54  4:31  Marine x2  
  56  4:33  SCV x2  
  60  4:44  Siege Tank  
  62  4:48  SCV x2  
  62  4:49  Marine x2  
  62  4:57  Supply Depot  
  62  5:00  SCV x2  
  62  5:01  Supply Depot  
  62  5:06  Marine  
  62  5:07  Marine  
  64  5:12  SCV  
  64  5:13  SCV, Raven  
  70  5:17  Command Center  
  70  5:20  Siege Tank  
  73  5:26  SCV x2, Supply Depot  
  75  5:32  Refinery  
  75  5:37  Marine x2  
  75  5:38  SCV x2  
  79  5:50  SCV x2, Barracks x2  
  79  5:51  Supply Depot  
  79  5:54  Siege Tank  
  84  6:03  SCV x2  
  86  6:06  Marine, Viking x2  
  86  6:07  Stimpack  
  91  6:16  Engineering Bay  
  91  6:17  Engineering Bay  
  91  6:19  SCV x2  
  93  6:27  Marine  
  93  6:29  Siege Tank  
  93  6:30  Orbital Command  
  97  6:34  SCV x2  
  97  6:36  Viking  
  101  6:40  Viking  
  101  6:43  Barracks Reactor x2  
  103  6:48  Marine  
  103  6:49  Terran Infantry Weapons Level 1  
  103  6:53  Terran Infantry Armor Level 1  
  103  6:54  Orbital Command  
  104  6:59  SCV x2  
  106  7:06  Marine  
  107  7:09  Barracks  
  107  7:11  Barracks  
  107  7:13  SCV x2  
  109  7:16  Medivac x2  
  109  7:21  SCV  
  114  7:23  Supply Depot  
  114  7:25  SCV x2  
  114  7:26  Refinery  
  114  7:27  Refinery  
  115  7:31  Sensor Tower  
  115  7:33  SCV  
  117  7:37  SCV  
  117  7:44  Marine x4, SCV, Siege Tank  
  117  7:47  Supply Depot  
  117  7:48  Combat Shield, Supply Depot  
  117  7:49  Supply Depot  
  125  7:55  Armory  
  125  8:04  Barracks Reactor x2  
  125  8:07  Supply Depot x2  
  125  8:08  Marine x5  
  125  8:09  SCV x3  
  133  8:14  Medivac x2  
  133  8:19  Missile Turret  
  137  8:21  SCV x3  
  137  8:22  Supply Depot  
  137  8:26  Marine  
  141  8:32  Command Center  
  141  8:33  Siege Tank  
  144  8:36  SCV x3  
  144  8:37  Marine x4  
  151  8:44  Marine, Terran Infantry Weapons Level 2  
  151  8:45  Terran Vehicle Weapons Level 1  
  151  8:47  Terran Infantry Armor Level 2  
  152  8:52  Marine x4  
  152  8:55  Marine x2  
  158  8:56  Viking  
  158  8:57  Viking  
  158  9:01  Marine  
  158  9:02  Marine  
  165  9:03  SCV x3  
  165  9:05  Supply Depot  
  165  9:07  Supply Depot  
  165  9:09  Marine  
  167  9:15  Marine x4, Factory  
  172  9:21  Barracks Reactor  
  172  9:26  Siege Tank  
  172  9:27  Viking  
  172  9:28  Viking  
  179  9:31  Supply Depot  
  179  9:32  Supply Depot  
  179  9:36  Marine x4  
  179  9:37  Marine x2  
  185  9:43  SCV x3  
  188  9:54  Command Center  
  188  9:58  Refinery x2  
  188  10:00  Viking, Siege Tank x2  
  188  10:01  Viking  
  188  10:02  Planetary Fortress  
  198  10:24  Starport  
  198  10:25  Starport  
  198  10:26  Fusion Core  
  198  10:28  Sensor Tower  
  198  10:31  Viking  
  200  10:38  Missile Turret x2  
  200  10:47  Terran Ship Weapons Level 1  
  200  10:48  Armory  
  190  11:07  Starport Tech Lab x2, Viking x2  
  190  11:08  Marine x4  
  190  11:10  Marine x6  
  197  11:12  Siege Tank  
  178  11:26  Marine x4  
  167  11:33  SCV x2  
  167  11:34  SCV x2  
  167  11:37  Medivac x2  
  173  11:43  Viking x2  
  173  11:45  SCV x2  
  173  11:46  SCV, Orbital Command  
  176  11:50  SCV  
  177  11:57  SCV, Corvid Reactor  
  177  11:58  SCV x2  
  177  11:59  Command Center  
  180  12:02  SCV  
  180  12:04  Marine x8  
  180  12:07  Medivac x2  
  193  12:10  SCV x3, Missile Turret  
  193  12:12  Missile Turret  
  193  12:13  Raven x2  
  200  12:17  Terran Vehicle And Ship Armor Level 1  
  200  12:19  Terran Infantry Weapons Level 3  
  200  12:23  Terran Infantry Armor Level 3  
  200  12:35  Marine x2  
  200  12:36  Marine x2  
  180  12:39  Marine x6  
  180  12:41  Viking, Siege Tank x2  
  177  12:53  Marine x4  
  177  12:58  Marine x4  
  182  13:02  Marine x2  
  172  13:11  Marine x4  
  176  13:13  Siege Tank x2  
  176  13:14  Raven x2  
  176  13:15  Marine x2  
  176  13:16  Marine x2  
  176  13:19  Marine x2  
  190  13:22  Viking  
  190  13:23  Viking  
  190  13:26  Command Center  
  196  13:29  Marine x2  
  191  13:42  Marine x8  
  191  13:45  Siege Tank x2  
  183  13:49  Marine x2  
  179  14:00  Marine x8  
  187  14:07  Marine x2  
  174  14:18  Marine x4  
  174  14:24  Marine x6  
  175  14:32  Raven x2  
  175  14:33  Viking x2  
  175  14:34  SCV x3  
  175  14:35  SCV  
  185  14:51  SCV x3  
  185  14:52  SCV  
  189  14:56  Planetary Fortress  
  189  15:02  Viking, Orbital Command  
  189  15:03  Viking  
  193  15:12  Marine x2  
  193  15:13  Marine x2  
  195  15:15  Viking  
  197  15:21  Marine x2  
  197  15:22  Marine  
Tags
 
Add a new tag
Caveats
  • Supply blocks, unpowered buildings, or Contaminate may cause inaccurate times.
  • Supply counts are checked every 10 seconds.